 Dungeon Crawl Stone Soup version 0.13-a0-2600-g811f1de (console) character file.

39722 Chozo the Severer (level 13, -4/114 HPs)
             Began as a Lava Orc Skald on Aug 3, 2013.
             Was the Champion of Beogh.
             Succumbed to a black mamba's poison
             ... on Level 7 of the Lair of Beasts.
             The game lasted 01:39:27 (22192 turns).

Chozo the Severer (Lava Orc Skald)                 Turns: 22192, Time: 01:39:27

HP  -4/114       AC 14     Str 15 (16) XL: 13   Next: 66%
MP  19/22        EV 10     Int 16      God: Beogh [******]
Gold 866         SH  0     Dex 10      Spells:  6 memorised,  6 levels left

Res.Fire  : + + +   See Invis. : .   O - +0 orc great mace
Res.Cold  : . . .   Warding    : .   M - +0 orc ring mail
Life Prot.: . . .   Conserve   : .   (no shield)
Res.Poison: .       Res.Corr.  : .   c - +1 wizard hat {MR+}
Res.Elec. : .       Clarity    : +   k - +1 cloak
Sust.Abil.: . .     Spirit.Shd : .   U - +0 pair of elf gloves
Res.Mut.  : .       Stasis     : .   f - +0 pair of boots
Res.Rott. : .       Flight     : .   a - amulet of clarity
Saprovore : + . .                    H - ring of protection from magic
                                     h - ring of protection from cold

@: regenerating, extremely poisoned, quick, very resistant to hostile
enchantments, extremely unstealthy
A: walk on water, conserve scrolls, saprovore 1, spit poison 1
a: Spit Poison, Smiting, Recall Orcish Followers, Renounce Religion


You were on level 7 of the Lair of Beasts.
You worshipped Beogh.
Beogh was exalted by your worship.
You were not hungry.

You visited 3 branches of the dungeon, and saw 21 of its levels.

You collected 1071 gold pieces.
You spent 225 gold pieces at shops.

Inventory:

Hand weapons
 F - the +6,+6 war axe "Yguad" {chop, rN+}
   (You bought it in a shop on level 7 of the Dungeon)

   It inflicts extra damage upon your enemies.
   It protects you from negative energy.
 L - a +1,+2 dwarven executioner's axe of chopping
 O - a +0,+0 orcish great mace (weapon)
Armour
 c - a +1 wizard hat of magic resistance (worn)
 f - a +0 pair of boots (worn)
 k - a +1 cloak (worn)
 M - a +0 orcish ring mail (worn)
 U - a +0 pair of elven gloves (worn)
Magical devices
 j - a wand of polymorph (10)
 p - a wand of enslavement (5)
 r - a wand of magic darts (0)
 t - a wand of random effects (8)
 y - a wand of digging (7)
 R - a wand of enslavement (10)
 S - a wand of random effects (17)
 W - a wand of lightning (4) {unknown}
Comestibles
 b - a honeycomb
 d - 9 meat rations
 l - 9 bread rations
 I - a beef jerky
 T - a choko
 V - a rotting chunk of crocodile flesh
 X - a pear
Scrolls
 e - a scroll of enchant armour
 m - 2 scrolls of magic mapping
 q - 9 scrolls of teleportation
 u - 3 scrolls of enchant weapon I
 w - a scroll of fog
 z - 2 scrolls of fear
 B - a scroll of remove curse
 E - a scroll of curse jewellery {unknown}
 G - a scroll of enchant weapon II {unknown}
 J - a scroll of recharging {unknown}
 N - a scroll of enchant weapon III {unknown}
 P - a scroll of torment {unknown}
 Y - a scroll of holy word
Jewellery
 a - an amulet of clarity (around neck)
 g - an uncursed amulet of warding
 h - a ring of protection from cold (left hand)
 i - an uncursed ring of positive energy
 s - a cursed ring of teleportation {unknown}
 C - an uncursed ring of protection from magic
 H - a ring of protection from magic (right hand)
 Q - an uncursed amulet of resist mutation
 Z - a +0,+6 ring of slaying {unknown}
Potions
 n - a potion of magic
 o - a potion of heal wounds
 v - a potion of flight
 x - a potion of speed
 A - a potion of mutation
 D - 5 potions of curing
 K - 2 potions of restore abilities


   Skills:
 + Level 14.4 Fighting
 + Level 18.4 Axes
 + Level 9.3 Armour
 - Level 1.0 Dodging
   Level 5.0 Shields
 - Level 3.1 Spellcasting
 - Level 1.1 Hexes
 + Level 5.2 Charms
 - Level 1.0 Necromancy
 + Level 1.9 Translocations
 - Level 0.3 Invocations
 - Level 1.0 Evocations


You had 6 spell levels left.
You knew the following spells:

 Your Spells              Type           Power        Failure   Level  Hunger
a - Infusion              Chrm           ###...       1%          1    #......
b - Shroud of Golubria    Chrm/Tloc      ##........   10%         2    ##.....
c - Regeneration          Chrm/Necr      ##........   17%         3    ###....
d - Apportation           Tloc           #.........   10%         1    #......
e - Song of Slaying       Chrm           ###.......   3%          2    ##.....
f - Spectral Weapon       Hex/Chrm       ##......     17%         3    ###....


Dungeon Overview and Level Annotations

Branches:
Dungeon (13/27)            Temple (1/1) D:5             Orc (0/4) D:9
   Lair (7/8) D:13          Swamp (0/5) Lair:6       Spider (0/5) Lair:4
  Slime: Lair:6-8

Altars:
Ashenzari
Cheibriados
Elyvilon
Fedhas
Kikubaaqudgha
Makhleb
Nemelex Xobeh
Okawaru
Sif Muna
Trog
Vehumet
Xom
Yredelemnul
Zin
the Shining One

Shops:
D:6: ( D:7: (

Portals:
Ziggurat: D:9 (3730 gp)

Annotations
Lair:6 Nergalle


Innate Abilities, Weirdness & Mutations

You have stony skin.
You cover ground quickly.
Your flesh is almost immune to the effects of heat.
Your fire spells are more powerful.
Your flesh is vulnerable to cold.
Your heat harms attackers.
You bathe your surroundings in blazing heat.
You are too hot to use scrolls.
You can walk on water.
You are very good at protecting items from fire.
You can tolerate rotten meat.
You can spit poison.


Message History

The giant slug is lightly wounded.
Unknown command.
Drink which item? (? for menu, Esc to quit)
You feel much better.
* * * LOW HITPOINT WARNING * * *
You feel sick. The black mamba bites you!
* * * LOW HITPOINT WARNING * * *
You are more poisoned.
The black mamba poisons you! The black mamba is singed by your heat.
The black mamba is almost dead.
The black mamba bites you.
* * * LOW HITPOINT WARNING * * *
The black mamba is singed by your heat.
The black mamba is almost dead.
Unknown command.
Unknown command.
* * * LOW HITPOINT WARNING * * *
You feel extremely sick.
A hound comes into view.
You die...

... ...P.!.#.
....#...f.h
.............
....f..........
................
..............#..
...#..............
#......@.......#
..#...S........##
#...j<.......#
.................P
.................
................
................
#............#
P...........


You could see a giant slug, a black mamba and a hound (sleeping).

Vanquished Creatures
  Gastronok (Lair:1)
  A hydra (Lair:5)
  Fannar (Lair:3)
  A centaur warrior (D:8)
  The ghost of 4tharraofdagon the Spear-Bearer, an experienced DjFi of Makhleb (D:13)
  An unseen horror (D:10)
  4 hill giants
  A griffon (Lair:1)
  3 black mambas
  A cyclops (D:12)
  4 elephants (Lair:5)
  4 spiny frogs
  A feature mimic (D:9)
  An orb spider (Lair:4)
  3 trolls
  Grinder (D:3)
  A fire drake (Lair:3)
  A komodo dragon (Lair:3)
  4 blink frogs (Lair:3)
  Prince Ribbit (D:5)
  3 wandering mushrooms (D:13)
  4 wyverns
  A shark (Lair:6)
  9 ugly things
  2 water elementals (D:13)
  6 vampire mosquitoes
  2 wraiths (D:10)
  Grum (D:11)
  5 hungry ghosts
  A hill giant zombie (D:13)
  35 yaks
  10 hippogriffs
  A swamp worm (Lair:6)
  2 wolves (D:11)
  11 porcupines
  5 orc warriors
  10 ice beasts
  2 black bears
  3 giant goldfish
  2 sky beasts
  2 ogres
  3 phantoms
  7 centaurs
  3 water moccasins
  A hill giant simulacrum (D:12)
  5 crocodiles
  2 big kobolds
  A giant slug (D:13)
  12 giant frogs
  7 agate snails
  A gnoll sergeant (D:7)
  3 electric eels
  4 killer bees (D:12)
  3 jellyfish
  2 lava fish (Lair:4)
  A hippogriff skeleton (D:10)
  3 lava snakes (Lair:4)
  3 goliath beetles
  7 crimson imps
  A giant frog zombie (D:5)
  2 big fish
  12 hounds
  Crazy Yiuf (D:2)
  10 iguanas
  3 giant frog skeletons
  A spectral orc (Lair:1)
  8 orc wizards
  4 scorpions
  10 worker ants
  2 ogre zombies
  Jessica (D:2)
  A big kobold zombie (D:10)
  A soldier ant simulacrum (D:12)
  An ogre skeleton (D:4)
  12 jellies
  A killer bee simulacrum (D:12)
  11 gnolls
  22 adders
  21 green rats
  2 giant mites
  4 white imps (D:12)
  2 giant centipedes
  9 worms
  An ufetubus (D:12)
  A scorpion zombie (D:6)
  An iguana zombie (D:6)
  A giant eyeball (D:12)
  11 giant geckos
  2 oozes (D:3)
  27 orcs
  21 bats
  A bat zombie (D:8)
  6 giant cockroaches
  17 goblins
  26 hobgoblins
  29 jackals
  12 quokkas
  A giant gecko zombie (D:7)
  5 giant newts
  2 giant spores
  A jackal skeleton (D:4)
  26 kobolds
  A kobold skeleton (D:7)
  26 rats
  8 ballistomycetes
  6 fungi
  3 plants (Lair:5)
598 creatures vanquished.

Vanquished Creatures (collateral kills)
  4 hydras
  2 griffons (Lair:6)
  A black mamba (Lair:4)
  5 spiny frogs
  2 komodo dragons
  A blink frog (Lair:1)
  2 sharks (Lair:6)
  2 hippogriffs
  8 yaks
  A porcupine (Lair:4)
  2 crocodiles
  2 giant frogs
  2 giant slugs
  A big kobold (Lair:1)
  3 water moccasins
  2 agate snails (Lair:1)
  A troll zombie (D:13)
  2 jellyfish (Lair:2)
  2 electric eels
  A yak skeleton (D:13)
  3 big fish (Lair:2)
  4 lava snakes (Lair:4)
  2 hounds
  A giant centipede (Lair:1)
  6 green rats (Lair:4)
  A giant mite (Lair:6)
  A worm (Lair:1)
  2 jackals
  4 quokkas
  A giant gecko (Lair:2)
  A fungus (Lair:6)
  2 plants
74 creatures vanquished.

Vanquished Creatures (others)
  An orc sorcerer (Lair:6)
  5 orc priests
  An orc wizard (D:12)
  An orc warrior (D:13)
  A hound skeleton (D:9)
  A spectral weapon (Lair:5)
  11 orcs
  A quokka (D:9)
  7 spectral orcs
  A butterfly (D:3)
  10 fungi
  4 plants (D:13)
44 creatures vanquished.

Grand Total: 716 creatures vanquished

Notes
Turn   | Place    | Note
--------------------------------------------------------------
     0 | D:1      | Chozo, the Lava Orc Skald, began the quest for the Orb.
     0 | D:1      | Reached XP level 1. HP: 16/16 MP: 3/3
    82 | D:1      | Reached skill level 1 in Dodging
   231 | D:1      | Reached skill level 3 in Charms
   231 | D:1      | Reached XP level 2. HP: 15/23 MP: 4/4
   236 | D:1      | Learned a level 2 spell: Shroud of Golubria
   709 | D:1      | Reached XP level 3. HP: 26/28 MP: 6/6
  1424 | D:2      | Noticed Crazy Yiuf
  1591 | D:2      | Killed Crazy Yiuf
  1591 | D:2      | Reached XP level 4. HP: 18/36 MP: 4/8
  1607 | D:2      | HP: 1/36 [poisoned by Crazy Yiuf]
  1867 | D:2      | Learned a level 3 spell: Regeneration
  2235 | D:2      | Noticed Jessica
  2250 | D:2      | Killed Jessica
  2250 | D:2      | Reached skill level 1 in Shields
  2250 | D:2      | Reached XP level 5. HP: 10/42 MP: 9/9
  2848 | D:3      | Paralysed by a potion of paralysis for 5 turns
  2912 | D:3      | Reached skill level 1 in Necromancy
  3029 | D:3      | Noticed Grinder
  3039 | D:3      | Paralysed by Grinder for 3 turns
  3322 | D:3      | Reached skill level 4 in Axes
  3423 | D:3      | Found a white marble altar of Elyvilon.
  3423 | D:3      | Found a sparkling altar of Nemelex Xobeh.
  3456 | D:3      | Killed Grinder
  3456 | D:3      | Reached skill level 5 in Axes
  3456 | D:3      | Reached XP level 6. HP: 41/50 MP: 11/11
  3570 | D:3      | Reached skill level 1 in Evocations
  4093 | D:4      | Noticed a hippogriff
  4115 | D:5      | Entered Level 5 of the Dungeon
  4116 | D:5      | Reached XP level 7. HP: 24/56 MP: 12/12
  4157 | D:5      | HP: 1/56 [asphyx]
  4495 | D:5      | Found a staircase to the Ecumenical Temple.
  4496 | D:5      | Noticed Prince Ribbit
  4515 | D:5      | Killed Prince Ribbit
  4515 | D:5      | Reached skill level 6 in Axes
  4796 | Temple   | Entered the Ecumenical Temple
  4916 | D:5      | Gained mutation: You can spit poison. [potion of mutation]
  4916 | D:5      | Gained mutation: You tend to lose your temper in combat. [potion of mutation]
  4916 | D:5      | Gained mutation: You can spit moderately strong poison. [potion of mutation]
  5170 | D:5      | Reached skill level 5 in Fighting
  5170 | D:5      | Reached skill level 7 in Axes
  5246 | D:5      | Reached XP level 8. HP: 39/64 MP: 14/14
  5533 | D:4      | Killed a hippogriff
  6191 | D:5      | Reached skill level 8 in Axes
  6378 | D:6      | Learned a level 1 spell: Apportation
  6413 | D:6      | Reached skill level 5 in Armour
  7058 | D:6      | Reached skill level 9 in Axes
  7074 | D:6      | Found Jiraduatz's Weapon Emporium.
  7120 | D:6      | Identified a scroll of acquirement
  7396 | D:7      | Reached XP level 9. HP: 42/72 MP: 9/15
  7591 | D:7      | Reached skill level 10 in Axes
  7771 | D:7      | Learned a level 2 spell: Song of Slaying
  7775 | D:7      | Learned a level 3 spell: Spectral Weapon
  7780 | D:7      | Found Phaetat's Antique Weapon Shop.
  7803 | D:7      | Bought a warped war axe for 225 gold pieces
  7804 | D:7      | Identified the +6,+6 war axe "Yguad" {chop, rN+} (You bought it in a shop on level 7 of the Dungeon)
  7923 | D:7      | Found an iron altar of Okawaru.
  8601 | D:8      | Reached skill level 5 in Shields
  8679 | D:8      | Reached skill level 11 in Axes
  8716 | D:8      | Noticed a centaur warrior
  9223 | D:8      | Killed a centaur warrior
  9403 | D:8      | Reached XP level 10. HP: 67/82 MP: 13/17
  9569 | D:9      | Noticed an angel
  9570 | D:9      | Found a gateway to a ziggurat.
  9633 | D:9      | Became a worshipper of Beogh the Brigand
  9655 | D:9      | Reached skill level 12 in Axes
  9712 | D:9      | Found a snail-covered altar of Cheibriados.
  9952 | D:9      | Found a staircase to the Orcish Mines.
 10028 | D:9      | Acquired Beogh's first power
 10589 | D:10     | Entered Level 10 of the Dungeon
 10590 | D:10     | Noticed a hill giant
 10603 | D:10     | Killed a hill giant
 10603 | D:10     | Reached skill level 13 in Axes
 10932 | D:10     | Reached skill level 10 in Fighting
 10955 | D:10     | Noticed a hill giant
 10969 | D:10     | Killed a hill giant
 11007 | D:10     | Killed an unseen horror
 11007 | D:10     | Reached XP level 11. HP: 56/92 MP: 19/19
 11339 | D:10     | Acquired Beogh's second power
 11608 | D:11     | Noticed a hill giant
 11618 | D:11     | Killed a hill giant
 11652 | D:11     | Noticed a hill giant
 11663 | D:11     | Killed a hill giant
 11663 | D:11     | Reached skill level 14 in Axes
 12002 | D:11     | Noticed Grum
 12021 | D:11     | Killed Grum
 12661 | D:12     | Acquired Beogh's third power
 12797 | D:12     | Reached skill level 1 in Translocations
 13063 | D:12     | Reached skill level 15 in Axes
 13421 | D:13     | Acquired Beogh's fourth power
 13627 | D:13     | Reached XP level 12. HP: 80/102 MP: 21/21
 13704 | D:13     | Gained Arbeogh as an ally
 13744 | D:13     | Your ally Arbeogh died
 13757 | D:13     | Reached skill level 16 in Axes
 13770 | D:13     | Noticed 4tharraofdagon's ghost (experienced DjFi)
 14091 | D:13     | Noticed a shadow dragon
 14093 | D:13     | Found a deep blue altar of Sif Muna.
 14093 | D:13     | Noticed a stone giant
 14290 | D:13     | Killed 4tharraofdagon's ghost
 14460 | D:13     | Found a staircase to the Lair.
 15046 | Lair:1   | Entered Level 1 of the Lair of Beasts
 15546 | Lair:1   | Noticed Gastronok
 15580 | Lair:1   | Acquired Beogh's fifth power
 15593 | Lair:1   | Killed Gastronok
 15778 | Lair:1   | Noticed an eight-headed hydra
 15785 | Lair:1   | Killed an eight-headed hydra
 15790 | Lair:1   | Noticed Nergalle
 16402 | Lair:2   | Reached skill level 17 in Axes
 16537 | Lair:2   | Gained Warrok as an ally
 16548 | Lair:2   | Gained Warrok as an ally
 16758 | Lair:2   | Noticed a six-headed hydra
 16765 | Lair:2   | Killed a seven-headed hydra
 17154 | Lair:3   | Noticed Fannar
 17165 | Lair:3   | Killed Fannar
 17459 | Lair:3   | Reached XP level 13. HP: 80/112 MP: 22/22
 18039 | Lair:3   | Lost mutation: You can spit moderately strong poison. [potion of cure mutation]
 18039 | Lair:3   | Lost mutation: You tend to lose your temper in combat. [potion of cure mutation]
 18508 | Lair:4   | Your ally Warrok died
 18515 | Lair:4   | Your ally orc knight died
 18516 | Lair:4   | Your ally orc warrior died
 18517 | Lair:4   | Your ally orc knight died
 18814 | Lair:4   | Gained Arbeogh as an ally
 18814 | Lair:4   | Gained Bogdar as an ally
 19111 | Lair:4   | Found a hole to the Spider Nest.
 19124 | Lair:4   | Gained Herok as an ally
 19699 | Lair:5   | Reached skill level 18 in Axes
 19705 | Lair:5   | Reached skill level 5 in Charms
 20671 | Lair:6   | Your ally Arbeogh died
 20672 | Lair:6   | Your ally Warrok died
 20909 | Lair:6   | Found a glowing silver altar of Zin.
 20915 | Lair:6   | Found a staircase to the Swamp.
 21395 | Lair:6   | Gained Argrim as an ally
 22042 | Lair:6   | Reached skill level 1 in Hexes
 22192 | Lair:7   | Succumbed to a black mamba's poison

Action                   |  1- 3 |  4- 6 |  7- 9 | 10-12 | 13-15 || total
-------------------------+-------+-------+-------+-------+-------++-------
Melee: Hand axe          |   138 |   229 |   263 |       |       ||   630
       War axe           |       |       |   187 |   839 |   238 ||  1264
       Battleaxe         |       |       |    35 |       |       ||    35
       Great mace        |       |       |       |       |    59 ||    59
       Executioner's axe |       |       |       |       |    49 ||    49
 Cast: Infusion          |     2 |     2 |     3 |     3 |       ||    10
       Shroud of Golubri |     1 |     2 |     6 |    16 |     1 ||    26
       Regeneration      |       |    15 |     9 |    13 |     9 ||    46
       Song of Slaying   |       |       |       |     3 |     1 ||     4
       Spectral Weapon   |       |       |       |     1 |     4 ||     5
Invok: Convert to Beogh  |       |       |       |     1 |       ||     1
       Recall Orcish Fol |       |       |       |       |     2 ||     2
Evoke: Wand              |       |     8 |     4 |     5 |     8 ||    25
  Use: Scroll            |     5 |     2 |    12 |     8 |     4 ||    31
       Potion            |     2 |     4 |     9 |     5 |     3 ||    23
 Stab: Distracted        |       |       |       |     5 |     1 ||     6
